 Dungeon Crawl Stone Soup version 0.29-a0-43-g62a80824bf (webtiles) character file.

Game seed: 9196963521440502105

156 HallandMoats the Skirmisher (level 5, 0/36 HPs)
             Began as an Octopode Fighter on Feb 3, 2022.
             Was a Believer of Okawaru.
             Slain by a water moccasin (7 damage)
             ... on level 4 of the Dungeon.
             The game lasted 00:03:12 (2691 turns).

HallandMoats the Skirmisher (Octopode Fighter)      Turns: 2691, Time: 00:03:13

Health: 0/36       AC:  1    Str: 14 (17) XL:     5   Next: 38%
Magic:  6/6        EV: 13    Int:  8 (11) God:    Okawaru [**....]
Gold:   129        SH:  6    Dex:  8 (11) Spells: 6/6 levels left

rFire   + . .      SeeInvis .   a - +0 trident
rCold   . . .      Faith    .   j - +2 buckler
rNeg    . . .      Spirit   .   (helmet restricted)
rPois   .          Reflect  .   (no amulet)
rElec   .          Harm     .   o - ring of protection from fire
rCorr   .          Rampage  .   (no ring)
Will    .....                   (no ring)
Stlth   +++.......              (no ring)
HPRegen 0.12/turn               (no ring)
MPRegen 0.10/turn               (no ring)
                                (no ring)
                                (no ring)

@: lethally poisoned (0 -> -5), attractive, invisible
A: almost no armour, amphibious, 8 rings, camouflage 1, gelatinous body 1,
(nimble swimmer 1), tentacles
a: Renounce Religion, Heroism


You were on level 4 of the Dungeon.
You worshipped Okawaru.
Okawaru was pleased with you.
You visited 1 branch of the dungeon, and saw 4 of its levels.

You collected 129 gold pieces.

Inventory:

Hand Weapons
 a - a +0 trident (weapon)
Armour
 j - a +2 buckler (worn)
Jewellery
 o - a ring of protection from fire (left tentacle)
Scrolls
 b - a scroll of teleportation
 k - a scroll of enchant weapon
 n - a scroll of fear {unknown}
Potions
 c - a potion of might
 d - a potion of attraction
 g - a potion of lignification {unknown}
 h - a potion of brilliance {unknown}
 i - a potion of resistance {unknown}
 l - a potion of degeneration
 m - 2 potions of heal wounds {unknown}


   Skills:
 * Level 3.6 Fighting
 * Level 3.0 Polearms
 + Level 3.3 Dodging
 + Level 2.0 Stealth
 + Level 3.3 Shields
 + Level 1.2 Spellcasting
 * Level 2.1 Invocations


You had 6 spell levels left.
You didn't know any spells.
Your spell library was empty.

Dungeon Overview and Level Annotations

Branches:
Dungeon (4/15)
 Temple: D:4-7

Altars:
Okawaru

Shops:
D:1 (((


Innate Abilities, Weirdness & Mutations

You cannot wear most types of armour.
You are amphibious.
You can wear up to eight rings at the same time.
Your skin changes colour to match your surroundings (Stealth+).
Your rubbery body absorbs attacks. (AC +1, EV +1)
((You are camouflaged when in or above water. (Stealth+)))
You have tentacles for arms and can constrict up to eight enemies at once.


Message History

The helpless water moccasin fails to defend itself.
You hit the water moccasin.
The water moccasin is lightly wounded.
The water moccasin misses you.
You hit the water moccasin. Your grab misses the water moccasin.
The water moccasin is lightly wounded.
The water moccasin bites you! The water moccasin bites you.
You are poisoned.
The water moccasin poisons you!
You hit the water moccasin. You grab the water moccasin.
The water moccasin is moderately wounded.
You constrict the water moccasin.
You feel very sick. The water moccasin barely misses you.
You are too injured to fight recklessly!
You are too injured to fight recklessly!
You are too injured to fight recklessly!
You are too injured to fight recklessly!
You are too injured to fight recklessly!
You are too injured to fight recklessly!
You are too injured to fight recklessly!
It was a potion of attraction.
You feel attractive to monsters.
You constrict the water moccasin.
You feel very sick.
You block the water moccasin's attack. x2
It was a potion of degeneration.
There was something very wrong with that liquid.
You feel weakened.
You feel dopey.
You feel clumsy.
You constrict the water moccasin.
You feel sick. The water moccasin bites you.
It was a potion of magic.
Magic courses through your body.
You constrict the water moccasin.
You feel sick. You block the water moccasin's attack.
The water moccasin bites you.
* * * LOW HITPOINT WARNING * * *
It was a potion of invisibility.
You fade into invisibility!
You constrict the water moccasin.
* * * LOW HITPOINT WARNING * * *
You feel sick. The water moccasin bites you!
You die...

..## ...# # .#
#..########.# .#
...#........#.# .#
##.##.#.......# .#
##....#.####### .#
#######.# .#
....###.#########S#
........†.......@.#
....###.###########
....# #.# ....# #.#
#### ....###.# #..#
........# ####.##
........# #.....#
........#######.##.##
................##.#


You could see a water moccasin.

Vanquished Creatures
  An iguana (D:4)
  A hound skeleton (D:4)
  4 adders (D:2)
  3 worms
  A dart slug (D:1)
  An orc (D:3)
  5 ball pythons
  5 bats
  6 endoplasms
  2 giant cockroaches
  5 goblins
  6 hobgoblins
  7 jackals
  5 quokkas
  4 frilled lizards
  6 kobolds
  6 rats
68 creatures vanquished.

Notes
Turn   | Place    | Note
-------+----------+-------------------------------------------
     0 | D:1      | HallandMoats the Octopode Fighter began the quest for the
                  | Orb.
     0 | D:1      | Reached XP level 1. HP: 16/16 MP: 1/1
    85 | D:1      | Reached XP level 2. HP: 21/21 MP: 2/2
   273 | D:1      | Found a faded altar of an unknown god.
   300 | D:1      | Prayed at the altar of an unknown god.
   300 | D:1      | Became a worshipper of Warmaster Okawaru
   300 | D:1      | Reached * piety under Okawaru
   341 | D:1      | Reached skill level 1 in Invocations
   402 | D:1      | Found Hizocil's Weapon Shop.
   408 | D:1      | Reached XP level 3. HP: 21/26 MP: 3/3
   512 | D:1      | Found Nanamoq's Antique Weapon Boutique.
   543 | D:1      | Found Buth's Weapon Boutique.
   554 | D:1      | Reached skill level 1 in Stealth
  1132 | D:2      | Reached XP level 4. HP: 31/31 MP: 5/5
  1234 | D:2      | Reached skill level 1 in Spellcasting
  1813 | D:3      | Reached ** piety under Okawaru
  2173 | D:3      | Reached XP level 5. HP: 36/36 MP: 6/6
  2684 | D:4      | Noticed a water moccasin
  2691 | D:4      | Slain by a water moccasin

Illustrated notes

Levels and vault maps discovered:
D:1:      evilmike_arrival_crescent, layout_loops_ring, serial_shops,
          nicolae_shop_stone, nicolae_shop_statue_plus, shop,
          chequers_ecumenical_altar_twisty
D:2:      layout_basic
D:3:      layout_basic
D:4:      layout_basic, minmay_temple_entry_sparse_star

Skill      XL: |  1  2  3  4  5 |
---------------+----------------+-----
Invocations    | 1 2 |  2.1
Stealth        | 1 2 |  2.0
Spellcasting   | 1 |  1.2
Polearms       | 3 |  3.0
Fighting       | |  3.6
Dodging        | |  3.3
Shields        | |  3.3

Action                   |  1- 3 |  4- 6 || total
-------------------------+-------+-------++-------
Melee: Trident           |    65 |    69 ||   134
       Constrict         |    13 |    14 ||    27
       Tentacles         |     8 |     7 ||    15
       Punch             |     1 |     1 ||     2
  Use: Scroll            |       |     4 ||     4
       Potion            |       |     4 ||     4
 Stab: Sleeping          |    11 |    12 ||    23
       Distracted        |     1 |       ||     1
Armor: Skin              |     7 |     4 ||    11
Dodge: Dodged            |    20 |    17 ||    37
Block: Buckler           |     6 |     7 ||    13

Table legend: (Time is in decaauts)
 A = Elapsed time spent in this place.
 B = Non-inter-level travel time spent in this place.
 C = Inter-level travel time spent in this place.
 D = Time resting spent in this place.
 E = Time spent auto-exploring this place.
 F = Levels seen in this place.
 G = Mean time per level.
                   A        B        C        D        E       F      G
               +--------+--------+--------+--------+--------+-----+--------+
         Total |   2721 |   2602 |    119 |      0 |   2151 |   4 |  680.2 |
       Dungeon |   2721 |   2602 |    119 |      0 |   2151 |   4 |  680.2 |
               +--------+--------+--------+--------+--------+-----+--------+

Top non-repeatable levels by time:
     D:2: 896 daAuts
     D:3: 892 daAuts
     D:1: 794 daAuts
     D:4: 137 daAuts
